 Dungeon Crawl Stone Soup version 0.28-a0-852-gbbce81c95b (webtiles) character file.

Game seed: 11594439356597115037

182 Ijustatesigmund the Skirmisher (level 5, -1/35 HPs)
             Began as a Gargoyle Fighter on Nov 15, 2021.
             Slain by an adder (3 damage)
             ... on level 4 of the Dungeon.
             The game lasted 00:05:21 (4355 turns).

Ijustatesigmund the Skirmisher (Gargoyle Fighter)   Turns: 4355, Time: 00:05:24

Health: -1/35      AC: 13    Str: 19    XL:     5   Next: 61%
Magic:  5/5        EV:  7    Int: 10    God:
Gold:   122        SH:  5    Dex: 15    Spells: 4/4 levels left

rFire   . . .      SeeInvis .   a - +0 flail
rCold   . . .      Faith    .   c - +0 buckler
rNeg    + . .      Spirit   .   b - +0 chain mail
rPois   ∞          Reflect  .   (no helmet)
rElec   +          Harm     .   (no cloak)
rCorr   .          Rampage  .   (no gloves)
Will    +....                   (no boots)
Stlth   ..........              (no amulet)
HPRegen 0.11/turn               e - +6 ring of dexterity
MPRegen 0.09/turn               l - ring of willpower

@: mighty, about to teleport, studying Shields
A: sickness immunity, AC +4, negative energy resistance 1, electricity
resistance, torment resistance 1, petrification resistance
a: no special abilities


You were on level 4 of the Dungeon.
You visited 1 branch of the dungeon, and saw 4 of its levels.

You collected 122 gold pieces.

Inventory:

Hand Weapons
 a - a +0 flail (weapon)
Missiles
 n - 5 boomerangs (quivered)
Armour
 b - a +0 chain mail (worn)
 c - a +0 buckler (worn)
Jewellery
 e - a +6 ring of dexterity (left hand)
 h - a ring of fire
 l - a ring of willpower (right hand)
Scrolls
 k - a scroll of blinking
Potions
 d - a potion of might
 f - 3 potions of magic
 g - a potion of resistance
 i - a potion of haste
 j - a potion of curing {unknown}
 m - a potion of heal wounds {unknown}
 o - a potion of flight {unknown}
 p - a potion of lignification {unknown}


   Skills:
 + Level 5.1 Fighting
 + Level 4.1 Maces & Flails
 - Level 3.5 Armour
 + Level 3.3 Shields


You had 4 spell levels left.
You didn't know any spells.
Your spell library contained the following spells:

 Spells                   Type           Power      Damage    Failure   Level
 Animate Skeleton         Necr           0%         N/A       99%         1
 Pain                     Necr           0%         1d4       99%         1
 Stone Arrow              Conj/Erth      0%         3d7       100%        3
 Vampiric Draining        Necr           0%         2d6       100%        3
 Animate Armour           Summ/Erth      0%         N/A       100%        4
 Lehudib's Crystal Spear  Conj/Erth      0%         10d2      100%        8


Dungeon Overview and Level Annotations

Branches:
Dungeon (4/15)
 Temple: D:4-7

Altars:
Nemelex Xobeh

Shops:
D:1 [

Annotations:
D:4 Edmund


Innate Abilities, Weirdness & Mutations

You are immune to sickness and miasma.
Your stone body is resilient. (AC +4)
You are immune to poison.
You resist negative energy. (rN+)
You are resistant to electric shocks. (rElec)
You are resistant to unholy torment.
You are immune to petrification.


Message History

Your chain mail prevents you from hitting Edmund.
The adder bites you but does no damage.
Edmund hits you with a +3 flail of venom.
You hit Edmund but do no damage. The adder barely misses you.
Edmund hits you with a +3 flail of venom.
The adder bites you but does no damage.
You closely miss Edmund. The adder bites you but does no damage.
Edmund hits you with a +3 flail of venom!
The adder barely misses you.
You hit Edmund but do no damage. The adder barely misses you.
Edmund hits you with a +3 flail of venom.
You block the adder's attack. The adder barely misses you.
You are too injured to fight recklessly!
You are too injured to fight recklessly!
You are too injured to fight recklessly!
You are too injured to fight recklessly!
You are too injured to fight recklessly!
You are too injured to fight recklessly!
You are too injured to fight recklessly!
You are too injured to fight recklessly!
You are too injured to fight recklessly!
You are too injured to fight recklessly!
You are too injured to fight recklessly!
You are too injured to fight recklessly!
Unknown command.
You feel very mighty all of a sudden. The adder bites you but does no damage.
Edmund hits you but does no damage. The adder bites you but does no damage.
As you read the scroll of teleportation, it crumbles to dust.
You feel strangely unstable. The adder closely misses you.
You block the adder's attack.
Edmund hits you with a +3 flail of venom.
You block the adder's attack.
You sock Edmund!
Edmund is lightly wounded.
The adder bites you but does no damage.
Edmund hits you with a +3 flail of venom!
* * * LOW HITPOINT WARNING * * *
The adder bites you but does no damage. The adder bites you.
You die...

###* **#.......
**,***,###.####
**,,,*,,,*#.####
*,,*,*,*,,#.##..
*,,*,*(*,,#....#
*,,**##*.,#.####
####,,*.#..*###...
##..##,....#*,,####
##.@S.##...##,,,,**
#.gS@..#...#.$,,,,*
##..##..##.##..**,,**
#..####..#.#..####,,*
#..#Z.#..#.#..#./*,,*
#..##g#..#.#..#.#*,,*
##§§#.#...#...#.#,,**
#....#)..#...#B,,,*
##..##...#...##,,*##


You could see Edmund, a gnoll shaman and 2 adders.

Vanquished Creatures
  An orc priest (D:3)
  4 gnolls (D:3)
  2 adders (D:3)
  2 adder skeletons (D:4)
  3 worms
  A dart slug (D:1)
  10 orcs
  8 endoplasms
  A giant cockroach (D:1)
  7 hobgoblins
  2 jackals (D:2)
  2 quokkas
  8 ball pythons
  7 bats
  4 goblins
  5 kobolds
  5 rats
72 creatures vanquished.

Vanquished Creatures (others)
  12 plants (D:3)
12 creatures vanquished.

Grand Total: 84 creatures vanquished

Notes
Turn   | Place    | Note
-------+----------+-------------------------------------------
     0 | D:1      | Ijustatesigmund the Gargoyle Fighter began the quest for
                  | the Orb.
     0 | D:1      | Reached XP level 1. HP: 14/14 MP: 1/1
   856 | D:1      | Reached XP level 2. HP: 19/19 MP: 2/2
  1371 | D:1      | Found Qaeveb's Antique Armour Shop.
  1757 | D:2      | Reached XP level 3. HP: 24/24 MP: 3/3
  1787 | D:2      | Reached skill level 4 in Fighting
  2375 | D:3      | Reached XP level 4. HP: 26/30 MP: 4/4
  2803 | D:3      | Reached XP level 5. HP: 32/34 MP: 5/5
  3180 | D:4      | Reached skill level 5 in Fighting
  3860 | D:4      | Found a sparkling altar of Nemelex Xobeh.
  3958 | D:4      | Identified a scroll of acquirement
  3958 | D:4      | Acquired a manual of Shields
  4334 | D:4      | Identified the +8 falchion of Xeuguam {pain, *Corrode
                  | Int+5}
  4339 | D:4      | Noticed Edmund
  4355 | D:4      | Slain by an adder

Illustrated notes

Levels and vault maps discovered:
D:1:      dpeg_arrival_erosion, layout_loops_corners, serial_shops, shop,
          kennysheep_small_spiral, corner_web_ring
D:2:      layout_rooms
D:3:      layout_basic, serial_bayou_lake_a
D:4:      layout_loops_cross, nemelex_diamond_rough_becter, minmay_puff,
          uniq_edmund

Skill      XL: |  1  2  3  4  5 |
---------------+----------------+-----
Fighting       | 4 5 |  5.1
Maces & Flails | 3 4 |  4.1
Armour         | |  3.5
Shields        | |  3.3

Action                   |  1- 3 |  4- 6 || total
-------------------------+-------+-------++-------
Melee: Flail             |   135 |   118 ||   253
Throw: Boomerang         |     5 |     3 ||     8
  Use: Scroll            |     1 |     8 ||     9
       Potion            |       |     1 ||     1
Armor: Scale mail        |    85 |    38 ||   123
       Chain mail        |       |    17 ||    17
Dodge: Dodged            |    70 |    45 ||   115
Block: Buckler           |    23 |    32 ||    55

Table legend: (Time is in decaauts)
 A = Elapsed time spent in this place.
 B = Non-inter-level travel time spent in this place.
 C = Inter-level travel time spent in this place.
 D = Time resting spent in this place.
 E = Time spent auto-exploring this place.
 F = Levels seen in this place.
 G = Mean time per level.
                   A        B        C        D        E       F      G
               +--------+--------+--------+--------+--------+-----+--------+
         Total |   4461 |   4405 |     56 |    954 |   2810 |   4 | 1115.2 |
       Dungeon |   4461 |   4405 |     56 |    954 |   2810 |   4 | 1115.2 |
               +--------+--------+--------+--------+--------+-----+--------+

Top non-repeatable levels by time:
     D:1: 1710 daAuts
     D:3: 1250 daAuts
     D:4: 909 daAuts
     D:2: 591 daAuts
